[Event "IIFL Wealth 4th Mumbai GM"]
[Site "Mumbai"]
[Date "2019.01.02"]
[Round "4"]
[White "Varga, Klara"]
[Black "Chowdhury, Sohel"]
[Result "1-0"]
[ECO "A11"]
[WhiteElo "2242"]
[BlackElo "2012"]
[Annotator "NA"]
[PlyCount "67"]
[EventDate "2018.12.30"]
[EventType "swiss"]
[EventCountry "IND"]
[SourceTitle "playchess.com"]
[Source "ChessBase"]
[SourceQuality "1"]
[TimeControl "40/5400+30:1800+30"]

1. c4 c6 2. Nf3 d5 3. e3 Nf6 4. Nc3 e6 5. b3 Bb4 {[%emt 0:00:50] A11: English Opening: 1...c6} (5... Bd6 6. Bb2 O-O 7. d4 Nbd7 8. Be2 b6 9. O-O Bb7 10. h3 Qe7 11. Rc1 Rfe8 12. Qc2 Rac8 13. Rfd1 h6 14. Qb1 Bb4 15. Qa1 Bd6 16. Bd3 {1-0 (47) Andreikin,D (2712)-Jakovenko,D (2747) Satka 2018}) 6. Bb2 O-O 7. Qc2 a5 $146 ({Predecessor:} 7... Nbd7 8. a3 Bd6 9. d4 b6 10. e4 Nxe4 11. Nxe4 dxe4 12. Qxe4 Bb7 13. Bd3 Nf6 {1-0 (24) Chekhov,V (2500)-Kiselev,S (2495) Moscow 1995}) 8. Bd3 Nbd7 9. Na4 Bd6 10. g4 dxc4 11. bxc4 g6 12. h4 Nxg4 13. h5 Nde5 14. Be2 $2 (14. Nxe5 $18 Nxe5 15. Be4) 14... Nxf3+ 15. Bxf3 e5 16. c5 Bc7 17. hxg6 hxg6 18. Nb6 Qf6 19. Qe4 Bf5 20. Qa4 Bxb6 21. cxb6 Nxf2 22. Kxf2 Rad8 23. Bc3 Rd4 $2 {[%emt 0:00:50] [#]} (23... Kg7 24. Rag1 Rfe8 25. Qxa5 Be4) 24. Qxd4 $18 exd4 25. Bxd4 Qxd4 26. exd4 Rd8 27. Rh4 g5 28. Rg1 f6 29. Rf4 Bg6 30. Rxf6 Kg7 31. Re6 Kf7 32. Re5 Rxd4 33. Rexg5 Rxd2+ 34. Ke3 1-0

[Event "IIFL Wealth 4th Mumbai GM"]
[Site "Mumbai"]
[Date "2019.01.02"]
[Round "4"]
[White "Wagh Suyog"]
[Black "Shyaamnikhil P"]
[Result "0-1"]
[ECO "A20"]
[WhiteElo "2240"]
[BlackElo "2448"]
[Annotator "NA RC"]
[PlyCount "83"]
[EventDate "2018.12.30"]
[EventType "swiss"]
[EventCountry "IND"]
[SourceTitle "playchess.com"]
[Source "ChessBase"]
[SourceQuality "1"]
[TimeControl "40/5400+30:1800+30"]

1. c4 e5 2. g3 h5 3. h4 c6 4. Bg2 Nf6 5. d4 Bb4+ 6. Nc3 d6 7. dxe5 dxe5 8. Qc2 Ng4 9. e3 ({White should play} 9. Nf3 $14) 9... Be6 10. a3 Be7 11. Ne4 f5 12. Ng5 Bxg5 13. hxg5 Qxg5 14. e4 Qf6 15. f3 Nh6 16. Rxh5 Nd7 17. exf5 Bxf5 18. Qc3 $15 Qf7 19. Rh4 O-O-O 20. Be3 Nb6 21. Bf1 Qg6 22. Bf2 e4 23. fxe4 Bxe4 24. Bh3+ Bf5 25. Bxf5+ Qxf5 26. Rf4 Qh5 27. Qxg7 Rhg8 28. Qh7 Rd7 29. Qc2 Ng4 30. Qf5 Re8+ 31. Kf1 Qxf5 32. Rxf5 Nxc4 33. Rf4 Nge3+ 34. Bxe3 Nxe3+ 35. Kf2 Rd2+ 36. Kf3 Nd5 37. Rf7 Rxb2 38. Nh3 Rb3+ 39. Kg4 Rg8+ 40. Ng5 Ne3+ 41. Kh4 Rb5 42. Nh7 0-1

[Event "IIFL Wealth 4th Mumbai GM"]
[Site "Mumbai"]
[Date "2019.01.02"]
[Round "4"]
[White "Prraneeth Vuppala"]
[Black "Triton, Maxime"]
[Result "1-0"]
[ECO "A56"]
[WhiteElo "2228"]
[BlackElo "1937"]
[Annotator "NA"]
[PlyCount "89"]
[EventDate "2018.12.30"]
[EventType "swiss"]
[EventCountry "IND"]
[SourceTitle "playchess.com"]
[Source "ChessBase"]
[SourceQuality "1"]
[TimeControl "40/5400+30:1800+30"]

1. d4 Nf6 2. c4 c5 3. d5 e5 4. Nc3 d6 5. e4 Be7 6. Bd3 Nbd7 7. Nge2 Nf8 8. a3 {[%emt 0:11:17] A56: Czech Benoni} (8. Ng3 Ng6 9. Nf5 O-O 10. Qf3 Re8 11. O-O h6 12. g3 Nh7 13. h4 Bf6 14. Nb5 Bxf5 15. exf5 e4 16. Bxe4 {1-0 (35) Wagner,D (2572)-Czebe,A (2474) Zalakaros 2015}) 8... Ng6 9. b4 b6 10. O-O O-O 11. Ng3 $146 ({Predecessor:} 11. Bd2 Nh5 12. Qc1 Bf6 13. Ra2 Nhf4 14. Bb1 Qd7 15. f3 Bg5 16. Ng3 {1-0 (30) De Blecourt,S (2075)-Liu,C (1898) Ballerup 2018}) 11... Ne8 12. Nf5 Bg5 13. Bb2 Nf4 14. Bc2 g6 15. Ne3 Ng7 16. Ne2 f5 17. exf5 Nxf5 18. Nxf5 Bxf5 19. Ng3 Bxc2 20. Qxc2 Rf7 21. Ne4 Bh6 22. Rae1 Qd7 23. g3 Nh3+ 24. Kg2 Ng5 25. Nxg5 Bxg5 26. b5 Raf8 27. f3 Rf5 28. Qc3 Bf6 29. Qc2 Bg5 30. a4 Qf7 31. Qe4 Bd2 32. Re2 Bg5 33. Bc3 Bd8 34. Bd2 Qe7 35. Bh6 Re8 36. h4 Qd7 37. f4 Rh5 38. Bg5 Qg4 39. Bxd8 Rxd8 40. fxe5 Qxe4+ 41. Rxe4 Rxe5 42. Rxe5 dxe5 43. Rf6 Re8 44. Kf3 Kg7 $18 45. Rc6 1-0

[Event "IIFL Wealth 4th Mumbai GM"]
[Site "Mumbai"]
[Date "2019.01.02"]
[Round "4"]
[White "Senthil Maran K"]
[Black "Arya Nirag Shah"]
[Result "1-0"]
[ECO "A15"]
[WhiteElo "2197"]
[BlackElo "1812"]
[Annotator "NA"]
[PlyCount "119"]
[EventDate "2018.12.30"]
[EventType "swiss"]
[EventCountry "IND"]
[SourceTitle "playchess.com"]
[Source "ChessBase"]
[SourceQuality "1"]
[TimeControl "40/5400+30:1800+30"]

1. c4 Nf6 2. Nf3 Nc6 3. d4 e6 4. Nc3 Bb4 5. Bd2 O-O 6. e3 d6 7. a3 Bxc3 8. Bxc3 Ne4 9. Qc2 Nxc3 10. Qxc3 a5 11. Be2 Qe7 12. d5 Nb8 13. O-O e5 14. c5 Bg4 15. Rac1 dxc5 16. Qxc5 $16 Qxc5 17. Rxc5 c6 18. dxc6 Nxc6 19. h3 Bxf3 20. Bxf3 f6 21. Bd5+ Kh8 22. Rfc1 Rab8 23. R1c2 Rfc8 24. Bxc6 bxc6 25. Rxa5 Kg8 26. Rac5 Rb6 27. b4 Ra8 28. Rxc6 Rxc6 29. Rxc6 Rxa3 30. g4 Rb3 31. Rb6 g6 32. Rb7 f5 33. gxf5 gxf5 34. Kg2 Kf8 35. Kg3 f4+ 36. Kf3 fxe3 37. fxe3 h6 38. b5 Ke8 39. b6 Kd8 40. Ke4 Kc8 41. Rc7+ Kd8 42. Rc6 h5 43. Rh6 Kc8 44. Rxh5 Rxb6 45. Rh8+ Kd7 46. Rh7+ Ke8 47. Kxe5 Rb5+ 48. Kf4 Rb4+ 49. e4 Rb5 50. e5 Rb4+ 51. Kf5 Rb6 52. h4 Ra6 53. h5 Kf8 54. h6 Kg8 55. Rg7+ Kh8 56. Rg6 Ra1 57. e6 Rf1+ 58. Ke5 Kh7 59. Rg4 Kxh6 60. e7 1-0

[Event "IIFL Wealth 4th Mumbai GM"]
[Site "Mumbai"]
[Date "2019.01.02"]
[Round "4"]
[White "Divya Deshmukh"]
[Black "Wahba, David George"]
[Result "1-0"]
[ECO "C28"]
[WhiteElo "2190"]
[BlackElo "1295"]
[Annotator "NA"]
[PlyCount "39"]
[EventDate "2018.12.30"]
[EventType "swiss"]
[EventCountry "IND"]
[SourceTitle "playchess.com"]
[Source "ChessBase"]
[SourceQuality "1"]
[TimeControl "40/5400+30:1800+30"]

1. e4 e5 2. Nc3 Nf6 3. Bc4 Nc6 4. d3 Be7 5. f4 d6 6. f5 O-O 7. Be3 Na5 8. Qe2 Nxc4 9. dxc4 c6 10. O-O-O a5 11. g4 h6 12. h4 Nd7 13. Nf3 f6 14. g5 fxg5 15. hxg5 hxg5 16. Qh2 a4 17. Qh7+ Kf7 18. Qg6+ Kg8 19. Rh7 Bf6 20. Rdh1 1-0

[Event "IIFL Wealth 4th Mumbai GM"]
[Site "Mumbai"]
[Date "2019.01.02"]
[Round "4"]
[White "Surendran N"]
[Black "Nayem, Haque"]
[Result "1-0"]
[ECO "A80"]
[WhiteElo "2176"]
[BlackElo "2083"]
[Annotator "NA"]
[PlyCount "34"]
[EventDate "2018.12.30"]
[EventType "swiss"]
[EventCountry "IND"]
[SourceTitle "playchess.com"]
[Source "ChessBase"]
[SourceQuality "1"]
[TimeControl "40/5400+30:1800+30"]

1. d4 f5 2. Nf3 Nf6 3. c4 e6 4. g3 Be7 5. Bg2 c6 6. O-O d5 7. Bg5 O-O 8. Nbd2 Qe8 9. Ne5 Ne4 10. Nd3 Bd6 11. Nf3 Qh5 12. Nfe5 g6 13. Be3 g5 14. f3 Nf6 15. Qd2 h6 16. Rae1 Rd8 17. Qc1 a5 1-0

[Event "IIFL Wealth 4th Mumbai GM"]
[Site "Mumbai"]
[Date "2019.01.02"]
[Round "4"]
[White "Subrota, Biswas"]
[Black "Regmi, Shikhar"]
[Result "1-0"]
[ECO "A46"]
[WhiteElo "2171"]
[BlackElo "1610"]
[Annotator "NA"]
[PlyCount "55"]
[EventDate "2018.12.30"]
[EventType "swiss"]
[EventCountry "IND"]
[SourceTitle "playchess.com"]
[Source "ChessBase"]
[SourceQuality "1"]
[TimeControl "40/5400+30:1800+30"]

1. d4 Nf6 2. Nf3 d6 3. g3 g6 4. Bg2 Bg7 5. O-O O-O 6. c4 Bg4 7. Nbd2 Nc6 8. d5 Nb8 9. h3 Bd7 10. Ne1 Qc8 11. Kh2 Nh5 12. e4 f5 13. exf5 Rxf5 14. g4 Be5+ 15. Kg1 Rg5 16. Ndf3 Rxg4 17. hxg4 Bxg4 18. Nd3 Nd7 19. Ndxe5 Nxe5 20. Qb3 Nxf3+ 21. Bxf3 Qf5 22. Bg2 Rf8 23. Bh6 Nf4 24. Bxf4 Qxf4 25. Rae1 Rf5 26. Re4 Qg5 27. Qg3 h5 28. f3 1-0

[Event "IIFL Wealth 4th Mumbai GM"]
[Site "Mumbai"]
[Date "2019.01.02"]
[Round "4"]
[White "Nikhil Magizhnan"]
[Black "Kafle, Binod"]
[Result "1-0"]
[ECO "C44"]
[WhiteElo "2148"]
[BlackElo "1191"]
[Annotator "NA"]
[PlyCount "67"]
[EventDate "2018.12.30"]
[EventType "swiss"]
[EventCountry "IND"]
[SourceTitle "playchess.com"]
[Source "ChessBase"]
[SourceQuality "1"]
[TimeControl "40/5400+30:1800+30"]

1. e4 e5 2. Nf3 Nc6 3. d4 Nxd4 4. Nxd4 exd4 5. Qxd4 d6 6. Nc3 Be6 7. Be3 a6 8. Be2 Be7 9. Qxg7 Bf6 10. Qg3 Qe7 11. Rd1 O-O-O 12. O-O Bh4 13. Qf4 Bf6 14. Qf3 Be5 15. Bf4 Nf6 16. Bxe5 dxe5 17. Nd5 Nxd5 18. exd5 Bd7 19. Qe3 Kb8 20. c4 f5 21. f4 e4 22. c5 Bb5 23. Bxb5 axb5 24. b4 c6 25. d6 Qe6 26. Ra1 Kc8 27. a4 bxa4 28. Rxa4 Kd7 29. Ra7 Rb8 30. b5 cxb5 31. c6+ Kxc6 32. Rc1+ Kxd6 33. Qc5+ Kd7 34. Qc7+ 1-0

[Event "IIFL Wealth 4th Mumbai GM"]
[Site "Mumbai"]
[Date "2019.01.02"]
[Round "4"]
[White "Saksham Rautela"]
[Black "Ziatdinov, Raset"]
[Result "1-0"]
[ECO "C68"]
[WhiteElo "2123"]
[BlackElo "2252"]
[Annotator "NA"]
[PlyCount "113"]
[EventDate "2018.12.30"]
[EventType "swiss"]
[EventCountry "IND"]
[SourceTitle "playchess.com"]
[Source "ChessBase"]
[SourceQuality "1"]
[TimeControl "40/5400+30:1800+30"]

1. e4 e5 2. Nf3 Nc6 3. Bb5 a6 4. Bxc6 dxc6 5. O-O Bg4 6. h3 Bxf3 7. Qxf3 Ne7 8. d3 {[%emt 0:02:18] LiveBook: 3 Games C68: Ruy Lopez: Exchange Variation, sidelines} Ng6 9. Nd2 b5 $146 ({Predecessor:} 9... Bd6 10. Nc4 O-O 11. Qg3 f5 12. exf5 Rxf5 13. Qg4 Rf7 14. Bg5 Qf8 15. Rae1 Re8 {1-0 (26) Novikov,S (2536)-Lagno,K (2523) Moscow 2015}) 10. Rd1 Bd6 11. Nf1 O-O 12. Ng3 c5 13. Qg4 Qh4 14. Qf3 Ne7 15. Nf5 Nxf5 16. Qxf5 Qe7 17. Be3 g6 18. Qg4 Kh8 19. Bh6 Rg8 20. f4 f6 21. Rf1 c4 22. Rad1 Rad8 23. Kh1 cxd3 24. Rxd3 exf4 25. Bxf4 Be5 26. Bxe5 Qxe5 27. Qf4 Qxf4 28. Rxf4 Rxd3 29. cxd3 Kg7 30. Rf2 c5 31. Rc2 Rc8 32. Kg1 Kf7 33. Kf2 Ke6 34. b4 Kd6 35. Ke3 Rc6 36. Rf2 Ke5 37. bxc5 Rc8 38. Rb2 f5 39. d4+ Ke6 40. a4 Rb8 41. axb5 axb5 42. h4 h6 43. h5 gxh5 44. Rf2 fxe4 45. Kxe4 b4 46. d5+ Ke7 47. Ke5 $18 b3 48. d6+ Kd7 49. Kd5 b2 50. c6+ Ke8 51. d7+ Ke7 52. Re2+ Kf7 53. Rxb2 Rxb2 54. c7 Rd2+ 55. Kc6 Ke7 56. c8=Q Rc2+ 57. Kb5 1-0

[Event "IIFL Wealth 4th Mumbai GM"]
[Site "Mumbai"]
[Date "2019.01.02"]
[Round "4"]
[White "Mahindrakar Indrajeet"]
[Black "Srija, Seshadri"]
[Result "0-1"]
[ECO "C60"]
[WhiteElo "2106"]
[BlackElo "2210"]
[Annotator "NA"]
[PlyCount "124"]
[EventDate "2018.12.30"]
[EventType "swiss"]
[EventCountry "IND"]
[SourceTitle "playchess.com"]
[Source "ChessBase"]
[SourceQuality "1"]
[TimeControl "40/5400+30:1800+30"]

1. e4 e5 2. Nf3 Nc6 3. Bb5 g6 4. O-O Bg7 5. c3 a6 6. Ba4 Nge7 7. d4 exd4 8. cxd4 b5 {[%emt 0:00:12] C60: Ruy Lopez: Unusual Black 3rd moves and 3...g6} 9. Bb3 d6 (9... O-O 10. Nc3 d6 11. h3 Na5 12. Bc2 c5 13. dxc5 dxc5 14. Qxd8 Rxd8 {0-1 (65) Vachier Lagrave,M (2789)-Mamedyarov,S (2808) Leuven 2018}) 10. h3 O-O 11. Re1 Na5 12. Bc2 c5 13. Nc3 Bb7 14. Bg5 h6 15. Bf4 Rc8 16. dxc5 $146 ({Predecessor:} 16. Qd3 Nec6 17. d5 {0-1 (33) Dmochowska,A (1913)-Bartos,J (2159) Marianske Lazne 2015}) 16... dxc5 17. Qc1 g5 18. Be5 f6 19. Bh2 Nc4 20. Bb3 f5 21. Be5 g4 22. Bxc4+ bxc4 23. Bxg7 Kxg7 24. hxg4 fxg4 25. Nh4 Qd4 26. Qe3 Qxe3 27. Rxe3 Rcd8 28. Rae1 Bc6 29. Rg3 h5 30. f3 Rd3 31. Kh2 Bd7 32. fxg4 hxg4 33. Rxd3 cxd3 34. Kg3 Nc6 35. b3 Ne5 36. Rd1 Kh6 37. Nd5 Kg5 38. Nc3 Rh8 39. Nf5 Bxf5 40. exf5 Kxf5 41. Rf1+ Ke6 42. Re1 Rd8 (42... Rf8 $17 43. Rh1 d2 44. Rh6+ Kd7) 43. Kf4 $1 Rf8+ 44. Kg3 $2 (44. Ke3 $11) 44... Rf5 $17 (44... Kd6 $19 {is more deadly.} 45. Re4 Rf1) 45. Rh1 Kd7 46. Rh7+ Ke6 47. Rh6+ Kf7 48. Rxa6 Rf1 49. Ne4 Re1 50. Kf4 Ng6+ 51. Kf5 Nh4+ 52. Kf4 Nxg2+ 53. Kf5 Nh4+ 54. Kf4 Ng6+ 55. Kf5 Ne7+ 56. Kf4 g3 57. Ng5+ Kg7 58. Rd6 g2 59. Nh3 Rh1 60. Kg3 Nf5+ 61. Kxg2 Nxd6 62. Kxh1 Ne4 0-1

[Event "IIFL Wealth 4th Mumbai GM"]
[Site "Mumbai"]
[Date "2019.01.02"]
[Round "4"]
[White "Kavinda, Akila"]
[Black "Banerjee, Sushant"]
[Result "1/2-1/2"]
[ECO "A43"]
[WhiteElo "2092"]
[BlackElo "2198"]
[Annotator "NA"]
[PlyCount "103"]
[EventDate "2018.12.30"]
[EventType "swiss"]
[EventCountry "IND"]
[SourceTitle "playchess.com"]
[Source "ChessBase"]
[SourceQuality "1"]
[TimeControl "40/5400+30:1800+30"]

1. d4 Nf6 2. Nf3 c5 3. d5 e6 4. Nc3 exd5 5. Nxd5 Nxd5 6. Qxd5 Nc6 7. Bg5 Be7 {[%emt 0:00:17] A43: Schmid Benoni} 8. c3 (8. a3 Qa5+ 9. Bd2 Qb6 10. Bc3 d6 11. Ng5 Nd8 12. O-O-O Ne6 13. Ne4 O-O 14. e3 Nc7 15. Qh5 {1-0 (39) Svane,R (2587)-Nikolovski,N (2412) Tarvisio 2017}) 8... d6 {[%emt 0:05:41] LiveBook: 6 Games} 9. Bxe7 Nxe7 $146 ({Predecessor:} 9... Qxe7 10. g3 Be6 11. Qd2 d5 12. Bg2 Rd8 13. O-O O-O 14. Rfe1 Bf5 15. Rad1 {½-½ (31) Siebrecht,S (2394)-Gubajdullin,A (2413) Moscow 2006}) 10. Qg5 Qb6 11. Qd2 Bf5 12. g3 O-O 13. Bg2 d5 14. O-O Rad8 15. Rfd1 Rfe8 16. Ne5 Qf6 17. Nd3 b6 18. Nf4 d4 19. e4 Bg4 20. f3 Bc8 21. c4 Qd6 22. Nd3 f5 23. e5 Qe6 24. b3 f4 25. Qxf4 Ng6 26. Qg5 Nxe5 27. Re1 Nf7 28. Qd2 Qd7 29. Rxe8+ Rxe8 30. Re1 Bb7 31. Bh3 Qd8 32. Be6 Rxe6 33. Rxe6 Ng5 34. Qe2 Kf8 35. f4 Nxe6 36. Qxe6 Qf6 37. Qxf6+ gxf6 38. Kf2 Be4 39. Nc1 f5 40. Ke2 Ke7 41. Kd2 Kd6 42. Ne2 {[%emt 0:03:50] [#]} Kc6 $1 43. a4 Kd6 44. Ng1 $17 {[%emt 0:00:45] [#]} Ke6 ({Black should try} 44... Bg2 $1 $17) 45. Nh3 h6 46. Nf2 h5 47. h4 a6 48. Nd3 Bxd3 49. Kxd3 Kd6 50. Kd2 Kc6 51. Kd3 b5 52. a5 1/2-1/2

[Event "IIFL Wealth 4th Mumbai GM"]
[Site "Mumbai"]
[Date "2019.01.02"]
[Round "4"]
[White "Thapa, Krishna"]
[Black "Ghelani Dhairya"]
[Result "1-0"]
[ECO "E15"]
[WhiteElo "2024"]
[BlackElo "2146"]
[Annotator "NA"]
[PlyCount "85"]
[EventDate "2018.12.30"]
[EventType "swiss"]
[EventCountry "IND"]
[SourceTitle "playchess.com"]
[Source "ChessBase"]
[SourceQuality "1"]
[TimeControl "40/5400+30:1800+30"]

1. d4 Nf6 2. Nf3 e6 3. c4 b6 4. g3 Ba6 5. b3 Bb4+ 6. Bd2 Be7 7. Bg2 c6 8. O-O d5 9. Qc2 O-O 10. Rd1 Nbd7 11. Bc1 Rc8 12. Bb2 Qe8 13. Ne5 c5 14. Nxd7 Qxd7 15. dxc5 Rxc5 16. e4 Qc8 17. e5 Ne8 18. Ba3 Rc7 19. Bxe7 Rxe7 20. Nd2 dxc4 21. bxc4 f6 22. Qe4 fxe5 23. Qxe5 Rf5 24. Qe3 Nf6 25. h3 Rc5 26. Bf1 Bb7 27. Be2 Qc7 28. Nf3 Ne4 29. Kh2 e5 30. Nh4 Rf7 31. f3 Nd6 32. Rac1 Ba6 33. Rd5 Rc6 34. c5 bxc5 35. Bxa6 Rxa6 36. Rcxc5 Rxa2+ 37. Ng2 Qe7 38. Qb3 Rf2 39. Rxd6 Qxd6 40. Rc8+ Qf8 41. Rxf8+ Kxf8 42. Qb8+ Ke7 43. Qxa7+ 1-0

[Event "IIFL Wealth 4th Mumbai GM"]
[Site "Mumbai"]
[Date "2019.01.02"]
[Round "4"]
[White "Nepal, Prakash"]
[Black "Tarun Kanyamarala"]
[Result "0-1"]
[ECO "D31"]
[WhiteElo "1902"]
[BlackElo "2120"]
[Annotator "NA"]
[PlyCount "60"]
[EventDate "2018.12.30"]
[EventType "swiss"]
[EventCountry "IND"]
[SourceTitle "playchess.com"]
[Source "ChessBase"]
[SourceQuality "1"]
[TimeControl "40/5400+30:1800+30"]

1. d4 d5 2. c4 e6 3. Nc3 Bb4 4. cxd5 exd5 5. Bf4 Ne7 6. Bg5 f6 7. Bf4 O-O 8. Qb3 Nbc6 9. e3 Re8 10. Bd3 Bf5 11. Bxf5 Nxf5 12. Kf1 Bxc3 13. Qxc3 g5 14. Bg3 h5 15. Qd3 Qd7 16. Ne2 h4 17. Bxc7 Rac8 18. Bf4 gxf4 19. Nxf4 Re4 20. g3 h3 21. Qd1 Ng7 22. Qd3 Nb4 23. Qb3 Qb5+ 24. Kg1 Rc2 25. Nxh3 Qc4 26. Qa4 Nc6 27. Qa3 Nf5 28. Rd1 Nxe3 29. b3 Qe2 30. Rc1 Qf3 0-1

[Event "IIFL Wealth 4th Mumbai GM"]
[Site "Mumbai"]
[Date "2019.01.02"]
[Round "4"]
[White "Larmet, Nino"]
[Black "Laoussing, Mathis"]
[Result "1/2-1/2"]
[ECO "B01"]
[WhiteElo "1835"]
[BlackElo "1438"]
[Annotator "NA"]
[PlyCount "133"]
[EventDate "2018.12.30"]
[EventType "swiss"]
[EventCountry "IND"]
[SourceTitle "playchess.com"]
[Source "ChessBase"]
[SourceQuality "1"]
[TimeControl "40/5400+30:1800+30"]

1. e4 d5 2. exd5 Nf6 3. Nf3 Nxd5 4. d4 Bf5 5. Bd3 Bxd3 6. Qxd3 Nc6 7. c4 Ndb4 8. Qc3 e6 9. O-O Be7 10. a3 Na6 11. Be3 Bf6 12. Nbd2 Ne7 13. Ne4 Nf5 14. b4 c6 15. Rad1 O-O 16. g4 Nh4 17. Nxh4 Bxh4 18. Ng3 f5 19. gxf5 exf5 20. Qc2 Qf6 21. Rde1 Rae8 22. f4 Re6 23. Bf2 Bxg3 24. hxg3 Rfe8 25. Re5 g6 26. Rfe1 Nc7 27. Be3 R8e7 28. Bc1 Ne8 29. Bb2 Rxe5 30. dxe5 Qe6 31. Rd1 Rd7 32. Rd3 Ng7 33. Qd2 Rxd3 34. Qxd3 Nh5 35. Kf2 Kf7 36. Bd4 a6 37. Bc5 Ke8 38. Kf3 Qd7 39. Qxd7+ Kxd7 40. g4 Ng7 41. g5 Ne6 42. Be3 Kc7 43. Ke2 b6 44. Kd3 c5 45. Kc3 Kc6 46. Kb3 Nc7 47. Ka4 b5+ 48. Kb3 bxc4+ 49. Kxc4 cxb4 50. axb4 Ne6 51. Bd2 Nc7 52. Kc3 Kd5 53. Kb3 Kd4 54. Ka4 Kd5 55. Ka5 Kc6 56. e6 Nxe6 57. Kxa6 Nc7+ 58. Ka5 Nd5 59. b5+ Kb7 60. Ka4 Kb6 61. Ba5+ Kc5 62. Bd2 Nb6+ 63. Ka5 Nc4+ 64. Ka6 Nxd2 65. b6 Nc4 66. b7 Nd2 67. Ka5 1/2-1/2

[Event "IIFL Wealth 4th Mumbai GM"]
[Site "Mumbai"]
[Date "2019.01.02"]
[Round "4"]
[White "Kishor, Shazzad"]
[Black "Soham Datar"]
[Result "0-1"]
[ECO "D10"]
[WhiteElo "1730"]
[BlackElo "2134"]
[Annotator "NA"]
[PlyCount "164"]
[EventDate "2018.12.30"]
[EventType "swiss"]
[EventCountry "IND"]
[SourceTitle "playchess.com"]
[Source "ChessBase"]
[SourceQuality "1"]
[TimeControl "40/5400+30:1800+30"]

1. d4 d5 2. Nf3 Nf6 3. c4 c6 4. cxd5 cxd5 5. e3 Nc6 6. Nc3 a6 7. a3 Bf5 8. Bd3 Bxd3 9. Qxd3 e6 10. O-O Bd6 11. b4 O-O 12. Bb2 b5 13. Rac1 Ne7 14. e4 dxe4 15. Nxe4 Nxe4 16. Qxe4 Nd5 17. Ne5 Bxe5 18. dxe5 Qd7 19. Bd4 a5 20. Bc5 Rfc8 21. bxa5 Rxa5 22. Bb4 Raa8 23. Rfd1 h6 24. h3 Rc6 25. Qd4 Rac8 26. Rc5 Rxc5 27. Bxc5 Qc7 28. Bd6 Qc2 29. Qd3 Qa4 30. Rb1 Nc3 31. Rb2 Rc4 32. Rb4 Rxb4 33. Bxb4 Nd5 34. Qd4 Qc2 35. Bd6 Nc3 36. Qe3 Ne2+ 37. Kh2 Qd1 38. f3 Qe1 39. Bb4 Qg3+ 40. Kh1 Nf4 41. Qd2 Qg5 42. Kh2 Qf5 43. Bd6 Nd5 44. Qe2 Qf4+ 45. g3 Qa4 46. f4 Qb3 47. h4 Nc3 48. Qg2 Qd1 49. Bb4 Nd5 50. Bd6 Qd3 51. Qf2 Ne3 52. Qf3 Qc2+ 53. Kh3 Nd5 54. g4 g6 55. h5 g5 56. fxg5 hxg5 57. Kg3 Qc1 58. Bb4 Qg1+ 59. Qg2 Qe3+ 60. Qf3 Qxe5+ 61. Kg2 Nxb4 62. axb4 Qb2+ 63. Kg3 Qxb4 64. Qa8+ Kh7 65. Qb7 Qf4+ 66. Kh3 b4 67. Qb5 Qf3+ 68. Kh2 Qxg4 69. Qb7 Qxh5+ 70. Kg2 Qg4+ 71. Kh1 Qd1+ 72. Kh2 Qd2+ 73. Kg1 Qf4 74. Qh1+ Kg7 75. Qb7 g4 76. Qb5 g3 77. Kh1 Qh4+ 78. Kg2 Qh2+ 79. Kf3 Qf2+ 80. Kg4 f5+ 81. Kg5 Qd2+ 82. Kh4 Qh2+ 0-1

[Event "IIFL Wealth 4th Mumbai GM"]
[Site "Mumbai"]
[Date "2019.01.02"]
[Round "4"]
[White "Shah, Ram Surat Prasad"]
[Black "Rebut, Paul"]
[Result "0-1"]
[ECO "B50"]
[WhiteElo "1639"]
[BlackElo "1740"]
[Annotator "NA"]
[PlyCount "104"]
[EventDate "2018.12.30"]
[EventType "swiss"]
[EventCountry "IND"]
[SourceTitle "playchess.com"]
[Source "ChessBase"]
[SourceQuality "1"]
[TimeControl "40/5400+30:1800+30"]

1. e4 c5 2. Nf3 d6 3. Bc4 a6 4. c3 e6 5. O-O b5 6. Bb3 Bb7 7. Re1 Be7 8. d4 cxd4 9. cxd4 Nf6 10. Bc2 O-O 11. Nbd2 Nbd7 12. Nf1 Nb6 13. Ng3 Re8 14. h3 Bf8 15. Bg5 h6 16. Be3 g6 17. Nh2 Nc4 18. Bc1 Bg7 19. b3 Nb6 20. Be3 Rc8 21. Rc1 Nbd7 22. Qd2 Kh7 23. Bd3 Qe7 24. Rxc8 Rxc8 25. Rc1 Qe8 26. Rxc8 Qxc8 27. Qc2 Qxc2 28. Bxc2 h5 29. f3 Kg8 30. Nhf1 Kf8 31. Nd2 Ng8 32. Ne2 Ne7 33. Kf2 Nb8 34. Nf1 Nbc6 35. Nh2 d5 36. Bb1 a5 37. Nf1 a4 38. Ke1 axb3 39. axb3 b4 40. Bd3 Na5 41. Nd2 dxe4 42. fxe4 f5 43. Nf4 Kf7 44. exf5 Nxf5 45. Bxf5 exf5 46. Kf2 Bh6 47. g3 g5 48. Nc4 Nxc4 49. bxc4 gxf4 50. gxf4 b3 51. Bc1 Bxf4 52. Bb2 h4 0-1

[Event "IIFL Wealth 4th Mumbai GM"]
[Site "Mumbai"]
[Date "2019.01.02"]
[Round "4"]
[White "Dhungel, Uttam"]
[Black "Bhasima, Prashan"]
[Result "1/2-1/2"]
[ECO "C02"]
[WhiteElo "1587"]
[BlackElo "1658"]
[Annotator "NA"]
[PlyCount "86"]
[EventDate "2018.12.30"]
[EventType "swiss"]
[EventCountry "IND"]
[SourceTitle "playchess.com"]
[Source "ChessBase"]
[SourceQuality "1"]
[TimeControl "40/5400+30:1800+30"]

1. e4 e6 2. d4 d5 3. e5 c5 4. Nf3 Nc6 5. c3 c4 6. Be2 Nge7 7. O-O a5 8. Be3 a4 9. a3 Ng6 10. Nbd2 Be7 11. Ne1 Bg5 12. Bxg5 Qxg5 13. g3 b5 14. f4 Qe7 15. Nc2 Na5 16. Nb4 Bd7 17. Qe1 Qf8 18. Bd1 Ne7 19. Bc2 g6 20. h4 Nec6 21. Nxc6 Bxc6 22. Qf2 f5 23. Kh2 h5 24. Rae1 O-O-O 25. Bd1 Kc7 26. Bf3 Bd7 27. Re2 Re8 28. Rfe1 Qe7 29. Qg2 Qf8 30. Kg1 Qe7 31. Kh2 Qf8 32. Qh1 Bc6 33. Qg2 Qe7 34. Kh1 Rd8 35. Kh2 Qf8 36. Re3 Qe7 37. R1e2 Kb6 38. Kg1 Bb7 39. Kh2 Bc6 40. Rf2 Bb7 41. Ree2 Bc6 42. Kh1 Bb7 43. Kh2 Bc6 1/2-1/2